Cogmind - Beta 17.1 @@@ ROGUE MODE // 2026.09.13 @ 16:30:06 Player: stixxx Result: Destroyed by S-10 Pest with Light Assault Rifle Performance ------------- Evolutions (0) 0 Regions Visited (1) 200 Robots Destroyed (4) 20 Value Destroyed (64) 64 Prototype IDs (0) 0 Alien Tech Used (0) 0 Bonus (0) 0 TOTAL SCORE: 284 Bonus ------- None Cogmind --------- Core Integrity 0/250 Matter 251/300 Energy 85/100 System Corruption 4% Temperature Warm (109) Movement Core (50) Location -10/Materials Parts ------- > --- POWER (1) -------- (None) > --- PROPULSION (2) --- (None) > --- UTILITY (2) ------ Terrain Scan Processor > --- WEAPON (2) ------- Medium Laser > --- INVENTORY (5) ---- Aluminum Leg Aluminum Leg Heat Sink Signal Interpreter Peak State ------------ > --- POWER ------------ Light Ion Engine > --- PROPULSION ------- Improved Hover Unit Improved Hover Unit > --- UTILITY ---------- Terrain Scan Processor > --- WEAPON ----------- Assault Rifle > --- INVENTORY -------- Wheel Shield Generator [Rating: 8] Favorites ----------- Power Light Ion Engine Engine Light Ion Engine Propulsion Improved Hover Unit Leg Aluminum Leg Wheel Wheel Hover Unit Improved Hover Unit Utility Terrain Scan Processor Processor Terrain Scan Processor Weapon Assault Rifle Energy Gun Medium Laser Ballistic Gun Assault Rifle Build | -11 -10 ------- Run | Yrd Mat Slots Evolved . | . . Power . | . . Propulsion . | . . Utility . | . . Weapon . | . . Parts Attached 9 | 5 4 Power 1 | 1 . Engine 1 | 1 . Core . | . . Reactor . | . . Propulsion 5 | 3 2 Treads . | . . Leg 2 | 2 . Wheel 1 | 1 . Hover 2 | . 2 Flight . | . . Utility 1 | . 1 Device . | . . Storage . | . . Processor 1 | . 1 Hackware . | . . Protection . | . . Artifact . | . . Weapon 2 | 1 1 Energy Gun 1 | . 1 Energy Cannon . | . . Ballistic Gun 1 | 1 . Ballistic Cannon . | . . Launcher . | . . Special Weapon . | . . Impact Weapon . | . . Slashing Weapon . | . . Piercing Weapon . | . . Special Melee Weapon . | . . Unidentified Prototypes . | . . Parts Lost 4 | . 4 Power 1 | . 1 Propulsion 2 | . 2 Utility . | . . Weapon 1 | . 1 Highest Loss Streak 4 | . 4 To Critical Strikes . | . . Average Backups 2 | 1 3 Power . | . . Propulsion 1 | 1 2 Utility . | . 1 Weapon . | . . Tool/Special . | . . Unused Backups 6 | . 6 Power . | . . Propulsion 2 | . 2 Utility 4 | . 4 Weapon . | . . Tool/Special . | . . Average Slot Usage (%) 57 | . 57 Engine 11 | . 11 Leg 4 | . 4 Hover 16 | . 16 Processor 11 | . 11 Ballistic Gun 11 | . 11 Peak Build Rating 8 | 4 8 Average Rating 5 | 2 6 On Entrance 2 | . 4 Avg Prop Armor Cover (%) . | . . Naked Turns . | . . Heaviest Build 5 | 5 5 Greatest Support 20 | 20 20 Greatest Overweight (x) 1 | . 1 Average Overweight (x) . | . . Largest Inventory Capacity 5 | 5 5 Average Capacity 5 | 5 5 Most Carried 5 | 4 5 Average Carried 3 | 2 3 Final Capacity 5 | 5 5 Final Carried 4 | 2 4 Class Distribution -------------------- 100% | Mutant Dominant Class ---------------- Mutant | -10/Materials Resources | -11 -10 ----------- Run | Yrd Mat Matter Collected 269 | 253 16 Remotely . | . . Salvage Created 79 | 33 46 Parts 8 | 1 7 Haulers Intercepted . | . . Recyclers Shooed . | . . Parts Field Recycled . | . . Retrieved Matter . | . . Parts Self-Destructed . | . . Prevented . | . . Parts Restored . | . . Kills | -11 -10 ------- Run | Yrd Mat Combat Hostiles Destroyed 4 | 1 3 Guns 4 | 1 3 Classes Destroyed 2 | 1 1 Swarmer 3 | . 3 Grunt 1 | 1 . Best Kill Streak 2 | 1 2 Combat Bots Only 2 | 1 2 Max Kills in Single Turn 1 | 1 1 Gunslinging . | . . Exploded . | . . Melee . | . . Uniques/NPCs Destroyed . | . . Combat | -11 -10 -------- Run | Yrd Mat Hostile Shots Fired 86 | 2 84 Missed 32 | 2 30 Hits 54 | . 54 Projectile 54 | . 54 Damage Taken 507 | . 507 Core 255 | . 255 Absorbed by Shields . | . . Core Remaining (%) 100 | 100 . Volleys Fired 23 | 1 22 Largest 1 | 1 1 Hottest 50 | 20 50 Shots Fired 23 | 1 22 Gun 23 | 1 22 Cannon . | . . Launcher . | . . Special . | . . Kinetic 18 | 1 17 Thermal 5 | . 5 Explosive . | . . Electromagnetic . | . . Robot Hit Streak 2 | 1 2 Robot Miss Streak 2 | . 2 Penetration Max . | . . Secondary Targets . | . . Shots Hit Robots 12 | 1 11 Core Hits 4 | 1 3 Critical Kills . | . . Critical Parts Destroyed . | . . Critical Strikes 1 | . 1 Burn 1 | . 1 Melee Attacks . | . . Impact . | . . Slashing . | . . Piercing . | . . Sneak Attacks . | . . Combat Hostiles . | . . Follow-up Attacks . | . . Damage Inflicted 156 | 15 141 Guns 147 | 15 132 Cannons . | . . Explosions . | . . Melee . | . . Ramming 9 | . 9 Kinetic 122 | 15 107 Thermal 25 | . 25 Explosive . | . . Electromagnetic . | . . Impact . | . . Slashing . | . . Piercing . | . . Highest Corruption 4 | . 4 Average Corruption 3 | . 3 Corruption Purged . | . . Corruption Blocked . | . . Effects 4 | . 4 Message Errors 1 | . 1 Heat Flow Errors 1 | . 1 Data Loss (minor) 1 | . 1 Alerts 1 | . 1 Overload Shots . | . . Overflow Damage . | . . Projectiles . | . . Explosions . | . . Melee . | . . Knockbacks . | . . Impact . | . . Kinetic . | . . Secondary . | . . Self-Inflicted Damage 4 | . 4 Shots . | . . Rammed 2 | . 2 Targets Rammed 2 | . 2 Kicked . | . . Crushed . | . . Highest Temperature 109 | . 109 Average Temperature 88 | . 88 Received Heat Transfer 102 | . 102 Siege Activations . | . . Martial Activations . | . . Shielding Activations . | . . Robots Disrupted . | . . Combat Hostiles . | . . Robots Corrupted . | . . Combat Hostiles . | . . Parts Fried . | . . Impact Corruptions . | . . Robots Melted . | . . Combat Hostiles . | . . Parts Melted . | . . Heat Transferred 148 | . 148 Parts Sabotaged . | . . Parts Stolen . | . . Parts Stripped . | . . Power Chain Reactions . | . . Alert | -11 -10 ------- Run | Yrd Mat Maximum Alert Level . | . . Low Security (%) 100 | 100 100 Level 1 . | . . Level 2 . | . . Level 3 . | . . Level 4 . | . . Level 5 . | . . High Security . | . . Max Security . | . . Peak Influence 70 | 20 70 Initial . | . . Average 7 | 2 10 Influence Increases 152 | 20 132 Destroy 0b10 Robot/C 80 | 20 60 Destroy Leader 10 | . 10 Successful Hack 2 | . 2 Lose Combat Pursuer 60 | . 60 Influence Decreases 82 | 20 62 Time Decay 52 | 20 32 Lost Part 30 | . 30 Squads Dispatched 6 | . 6 Investigation 2 | . 2 Extermination . | . . Reinforcement 4 | . 4 Assault . | . . Garrison . | . . Intercept . | . . Searches Triggered . | . . Construction Impeded . | . . Haulers Reinforced . | . . Active Scanning Responses . | . . Cargo Convoy Interrupts . | . . Stealth | -11 -10 --------- Run | Yrd Mat Distress Signals 2 | . 2 Communications Jammed . | . . Distress Signals . | . . Times Spotted 19 | 1 18 Peak Tracking Total 11 | 1 11 Tactical Retreats 3 | . 3 Traps | -11 -10 ------- Run | Yrd Mat Traps Triggered 3 | . 3 Indirectly . | . . Trap Hack Attempts . | . . Triggered . | . . Disarmed . | . . Reprogrammed . | . . Reused . | . . Traps Extracted . | . . Installed . | . . Triggered . | . . Machines | -11 -10 ---------- Run | Yrd Mat Machines Disabled . | . . Max in Single Turn . | . . Machines Repaired . | . . Machines Dismantled . | . . Machines Sabotaged . | . . Overloaded Fab Kills . | . . Hacking | -11 -10 --------- Run | Yrd Mat Machines Accessed 2 | . 2 Terminals 2 | . 2 Fabricators . | . . Repair Stations . | . . Recycling Units . | . . Scanalyzers . | . . Garrison Access . | . . Total Hacks 7 | . 7 Successful 3 | . 3 Failed 4 | . 4 Catastrophic . | . . Database Lockouts . | . . Manual . | . . Terminals 7 | . 7 Fabricators . | . . Repair Stations . | . . Recycling Units . | . . Scanalyzers . | . . Garrison Access . | . . Terminal Hacks 3 | . 3 Record 3 | . 3 Fabricator Hacks . | . . Repair Station Hacks . | . . Recycling Unit Hacks . | . . Scanalyzer . | . . Garrison Access Hacks . | . . Unauthorized Hacks . | . . Terminals . | . . Fabricators . | . . Repair Stations . | . . Recycling Units . | . . Scanalyzers . | . . Garrison Access . | . . Data Cores Recovered . | . . Used . | . . Hacking Detections 2 | . 2 Full Trace Events 1 | . 1 Feedback Events . | . . Feedback Blocked . | . . Robot Schematics Acquired . | . . Robots Built . | . . Authchips . | . . Time . | . . Total Robot Build Rating . | . . Part Schematics Acquired . | . . Parts Built . | . . Authchips . | . . Time . | . . Total Part Build Rating . | . . Part Studies Acquired . | . . Parts Repaired . | . . Time . | . . Parts Recycled . | . . Recycled Matter . | . . Retrieved Matter . | . . Retrieved Components . | . . Parts Scanalyzed . | . . Part Schematics Acquired . | . . Parts Damaged . | . . Bothacking | -11 -10 ------------ Run | Yrd Mat Used RIF Installer . | . . Robots Hacked . | . . Non-combat . | . . Combat . | . . Robot Hacks Applied . | . . Relay Couplers Released . | . . Fabnet Peak Effective % . | . . Robots Rewired . | . . Allies Hacked . | . . Hacks Repelled . | . . Allies | -11 -10 -------- Run | Yrd Mat Total Allies . | . . Largest Group . | . . Highest-Rated Group . | . . Highest-Rated Ally . | . . Total Orders . | . . Ally Attacks . | . . Total Damage . | . . Kills . | . . Allies Corrupted . | . . Allies Melted . | . . Intel | -11 -10 ------- Run | Yrd Mat Active Infowar (turns) . | . . Robot Analysis Total . | . . Derelict Logs Recovered . | . . Drone Launches . | . . Drone Recoveries . | . . Exploration | -11 -10 ------------- Run | Yrd Mat Turns Passed 347 | 112 235 Spaces Moved 382 | 98 284 Core 82 | 26 56 Treads . | . . Legs 93 | 72 21 Wheels . | . . Hover 207 | . 207 Flight . | . . Fastest Speed 50 | 50 50 Average Speed 70 | 101 59 Slowest Speed 120 | 120 120 Overloaded Moves . | . . Propulsion Burnouts . | . . Robots Hopped . | . . Potential Cave-ins . | . . Cave-ins Triggered . | . . Exploration Rate (%) 25 | 5 46 Regions Visited 1 Branch Regions . Pre-discovered Areas . | . . Known Exits Taken . | . . Unknown Exits Taken 1 | 1 . Scrap Searched . | . . Spaces Dug . | . . Terrain Destroyed . | . . Melee . | . . Projectile . | . . AOE . | . . Terrain Rammed . | . . Walls Destroyed . | . . Machines Disabled . | . . Actions | -11 -10 --------- Run | Yrd Mat Total 440 | 110 330 Wait . | . . Move 381 | 97 284 Hop . | . . Pick Up 17 | 6 11 Fast Attach . | . . Attach 9 | 5 4 Detach 1 | 1 . Swap . | . . Drop 7 | . 7 Fire 23 | 1 22 Melee . | . . Ram 2 | . 2 Kick . | . . Crush . | . . Escape Stasis . | . . Rewire . | . . Trap . | . . Miscellaneous . | . . Route ------- -11/Scrapyard -10/Materials History --------- Turn | Location | Event 2 | -11/Scrapyard | Met Revision 17 65 | -11/Scrapyard | Discovered new exit (range 8) 113 | -11/Scrapyard | Entered Materials 314 | -10/Materials | Build established: Mutant 329 | -10/Materials | Core integrity fell below 50% 340 | -10/Materials | Lost 4 parts (1p2n1w) 344 | -10/Materials | Core integrity fell below 20% 348 | -10/Materials | Destroyed by S-10 Pest with Light Assault Rifle Last Messages --------------- Imp. Hover Unit destroyed. K-01 Serf collects debris. Lgt. Ion Engine destroyed. Assault Rifle destroyed. K-01 Serf collects debris. Acquired 16 matter. K-01 Serf collects debris. W-16 Scout sends out distress signal. Acquired Med. Laser. S-10 Pest suffers critical hit (Burn). S-10 Pest destroyed. System corrupted: Heat flow error (+109). Disabling or destroying stationary machines or terrain requires that a single hit meet or exceed the object's Armor value. Inspect machines by right-clicking on them, and walls via Ctrl-RMB (or as any other object in Keyboard Mode). Hovering the cursor over an object also shows its Armor in the Scan window. Map ----- +----------------------------------------------------+ | | | | | | | | | | | | | | | ?????????????????????????????????????????????????? | | ?????????????????????????????????????????????????? | | ?????????????????????????????????????????????????? | | ?????????????????????????????????????????????????? | | ????????????????????????????????##???????????????? | | ???????????????????????????????? ???????????????? | | ???????????????????????????????? ???????????????? | | ???????????????????????????????? ????#??????????? | | ???????????????????????????????? ??? #??????????? | | ???????????????????????????????? ?? #??????????? | | ???????????????????????????????# ? +??????????? | | ???????????????????????????????# ???????????? | | ????????????????????????######## ?????????#??? | | ????????????????????????# # ??????????? ??? | | ????????????????????????# """ # #???????????? ??? | | ????????????????????????# """ + #????######## ??? | | ????????????????????????# """ # #????# # +?? | | ????????????????????????# s s# ###### # #?? | | ????????????????????????#@ =%[sgg wg # """ # #?? | | ????????????????????????############# # """ # #?? | | ???????????????????????????########## / """ # #?? | | ?????????????????????# !! % *** # # #?# | | ???????????????????? =! *** ####+### #? | | ???????????????????? !! ** #?# # " | | ????????????????????? ### # Y | | ?????????????????????# + " | | ??????????????????????# """" """" ######## # | | #####?????????????????# ?"""" """" #??????# # | | #?????????????????????"""" """" #??????# #? | | " = #?????????????????? ? #??????# #? | | " #?????????????????# ? ?? #??????# #?? | | " #?????????????????# ??### #??????# ### | | " #?????????????????# ?? ????? #??????# ## | | " #?????????????????# #???#+#####+#??????# ## | | " #?????????????????# #???? #??????# ## | | " #?????????????????# #??? #??????# ##/ | | !#?????????????????# #???"" =/ #??????# #%* | | /####???????#######???# #???"" =/ #??????# /[= | | ########## #???# #???"T = ??##+###[# | | #???# #????" ### ## # | | T #???# #????? / T *+ | | #???# #?????? ?### #### | | ## ####### #???# #?????###/###?## ##??# | +----------------------------------------------------+ Best States ------------- Heat Dissipation 25 Energy Generation 10 Energy Capacity 125 Matter Stores 300 Matter Capacity 300 Sight Range 16 Terrain Scan Density 85 Evasion (%) 55 Item Schematics ----------------- None Robot Schematics ------------------ None Fabricated ------------ Nothing Repaired ---------- Nothing Studied --------- None Alien Tech Used ----------------- None Achievements -------------- DATA ERROR: Steam Global Achievement% For Emergencies Only One Hack Too Far Challenges ------------ None Game ------ Seed SniperLinearRedirector Manual? 0 Play Time 00:13:44 Cumulative 0.7 hours Start 2026.09.13 @ 16:18:08 End 2026.09.13 @ 16:30:06 Sessions 1 Manual Loads 0 Difficulty Rogue Special Mode None Game No. 2 Rogue 2 Adventurer 0 Explorer 0 Win Type - Total 0 Types 0/0/0/0/0/0/0/0/0/0 Lore% 0 Gallery% 1 Achievement% 1 Wizard Run 0 Options --------- Layout 1 ASCII 0 Keyboard 1 Movement Numpad Keybinds 0 Fullscreen 1 Font 24/Smallcaps Map View 50x35 Zoom Use 0% Tactical HUD 0 Map Filters NONE Filters NONE Steam 1 RUN: ba21f4d3-59e3-48f1-9ac8-d151500e68b4